 Dungeon Crawl Stone Soup version 0.31-a0-1082-g7d1fb776a8 (webtiles) character file.

Game seed: 7930485413875292539

1003 Flugslaktarn the Changeling (level 8, -2/51 HPs)
             Began as an Octopode Shapeshifter on Nov 28, 2023.
             Was a Priest of Makhleb.
             Slain by a water moccasin (10 damage)
             ... on level 5 of the Dungeon.
             The game lasted 00:02:42 (4525 turns).

Flugslaktarn the Changeling (Octopode Shapeshifter) Turns: 4525, Time: 00:02:42

Health: -2/51      AC:  1    Str: 13    XL:     8   Next: 20%
Magic:  9/9        EV: 13    Int: 13    God:    Makhleb [***...]
Gold:   259        SH:  0    Dex: 13    Spells: 7/7 levels left

rFire   . .          .
                       - Unarmed
rCold   . . .        (shield currently unavailable)
rNeg    . . .        (helmet restricted)
rPois   .            (no amulet)
rElec   .            (no ring)
rCorr   .            (no ring)
SInv    .            (no ring)
Will    .....        (no ring)
Stlth   +            (no ring)
HPRegen 0.28/turn    (no ring)
MPRegen 0.11/turn    (no ring)
                     (no ring)

%: no passive effects
@: flux-form, glowing
A: glow, contaminating, reduced hp, almost no armour, amphibious, 8 rings,
camouflage 1, gelatinous body 1, (nimble swimmer 1), tentacles
a: Begin Untransformation, Renounce Religion, Minor Destruction, Lesser Servant
of Makhleb


You were on level 5 of the Dungeon.
You worshipped Makhleb.
Makhleb was most pleased with you.
You were something dangerously unstable.
You visited 1 branch of the dungeon, and saw 5 of its levels.

You collected 259 gold pieces.

Inventory:

Talismans
 b - a beast talisman
 c - a flux talisman (active)
 o - a granite talisman
   (You found it on level 3 of the Dungeon)
Wands
 a - a wand of acid (5)
   (You found it on level 4 of the Dungeon)
Scrolls
 d - a scroll of vulnerability
 l - 2 scrolls of fog
 t - 2 scrolls of teleportation
 z - a scroll of blinking
Potions
 e - a potion of degeneration {unknown}
 j - 3 potions of mutation
 k - a potion of invisibility {unknown}
 m - 2 potions of magic
 n - a potion of berserk rage {unknown}
 q - 2 potions of curing


   Skills:
 - Level 4.4 Fighting
 - Level 2.0 Dodging
 - Level 5.3 Unarmed Combat
 + Level 2.2 Invocations
 - Level 6.5 Shapeshifting


You had 7 spell levels left.
You didn't know any spells.
Your spell library was empty.

Dungeon Overview and Level Annotations

Branches:
Dungeon (5/15)
 Temple: D:4-7

Altars:
Makhleb
Zin

Shops:
D:4 *

Annotations:
D:4 2 transporters, graki42's ghost, amateur DECj


Innate Abilities, Weirdness & Mutations

You are something dangerously unstable.
You glow with magical radiation, making you easy to see and hit.
Foes you strike become dangerously contaminated with magical radiation.
Your maximum health is decreased, since you lack skill for your form.
You are incapable of wielding weapons or throwing items.
You cannot wear most types of armour.
You are amphibious.
You can wear up to eight rings at the same time.
Your skin changes colour to match your surroundings (Stealth+).
Your rubbery body absorbs attacks. (AC +1, EV +1)
((You are camouflaged when in or above water. (Stealth+)))
You have tentacles for arms and can constrict up to eight enemies at once.


Message History

Press: ? - help, Shift-Dir - straight line, f - gnoll
Aim: a gnoll, wielding a +0 flail (moderately wounded, constricted by you, contaminated, 100% to hit)
The bolt of acid hits the gnoll!
The acid corrodes the gnoll!
You kill the gnoll!
Makhleb accepts your kill.
You feel better.
The bolt of acid misses the gnoll.
The bolt of acid hits the gnoll!
The acid corrodes the gnoll!
The gnoll is severely wounded.
The gnoll completely misses you.
Aiming: Corrosive Bolt
Press: ? - help, Shift-Dir - straight line, f - gnoll
Aim: a gnoll, wielding a +0 halberd (75% to hit)
The bolt of acid hits the gnoll!
The acid corrodes the gnoll!
The gnoll is almost dead.
The bolt of acid hits the gnoll!
The gnoll seems to be corroded for longer.
You kill the gnoll!
Makhleb accepts your kill.
You feel better.
The gnoll hits you from afar with a +0 halberd.
* * * LOW HITPOINT WARNING * * *
Your Invocations skill increases to level 1!
Aiming: Corrosive Bolt
Press: ? - help, Shift-Dir - straight line, f/p - gnoll
Aim: a gnoll, wielding a +0 halberd (almost dead, covered in acid, 75% to hit)
The bolt of acid hits the gnoll!
The gnoll seems to be corroded for longer.
You kill the gnoll!
Makhleb accepts your kill.
You feel better.
The bolt of acid hits the iguana!!
The acid corrodes the iguana!
You kill the iguana!
Makhleb accepts your kill.
Unknown command.
As you read the scroll of fear, it crumbles to dust.
You assume a fearsome visage.
The gnoll looks frightened! x2
Unknown command.
Things that are here:
+0 steam dragon scales; a steam dragon corpse You see here an adder corpse.
There is a stone staircase leading up here.
You climb upwards.
Level annotation: 2 transporters, graki42's ghost, amateur DECj
There is a stone staircase leading down here.
Things that are here:
a +0 club; a +0 dagger You start resting.
HP restored.
You climb downwards.
There is a stone staircase leading up here.
There is an open door here.
An orc priest comes into view. It is wielding a +0 falchion.
The orc priest shouts!
Unknown command.
An orc priest is nearby!
An orc priest is nearby!
An ogre comes into view. It is wielding a +0 giant club.
The orc priest hits you with a +0 falchion!
The ogre shouts!
The orc wizard shouts!
You tentacle-slap the orc priest.
The orc priest begins to glow.
You grab the orc priest.
The orc priest is moderately wounded.
You constrict the orc priest. You tentacle-slap the orc priest.
The orc priest glows dangerously bright.
You squeeze the orc priest.
The orc priest is severely wounded.
You constrict the orc priest.
The orc priest hits you with a +0 falchion!
You tentacle-slap the orc priest.
The orc priest shudders as magic cascades through it.
The orc priest twists and deforms.
You squeeze the orc priest.
You kill the orc priest!
Makhleb accepts your kill.
You feel better.
The orc wizard points at you and mumbles some strange words.
The magic dart hits you!
Your Invocations skill increases to level 2!
The orc wizard casts a spell at you. The magic dart hits you!
The gnoll shouts!
You hear an angry hiss.
There is an open door here.
A water moccasin comes into view.
The orc wizard casts a spell at you. The magic dart hits you!
* * * LOW HITPOINT WARNING * * *
The water moccasin attacks as it pursues you!
The water moccasin completely misses you.
You tentacle-slap the water moccasin.
The water moccasin begins to glow.
Your grab misses the water moccasin.
You squeeze the water moccasin, but do no damage.
The water moccasin is lightly wounded.
The water moccasin misses you.
You closely miss the water moccasin. You grab the water moccasin.
You squeeze the water moccasin.
The water moccasin is moderately wounded.
You constrict the water moccasin. The water moccasin bites you.
* * * LOW HITPOINT WARNING * * *
The water moccasin bites you!
You die...

#### ############ #..#
#..gSp....<# #..#
#o########## # #..#
####.# #.#..# #....#
#.#..###...g#########
#.....o'...รท#.......#
###o####....#.#####.#
#...^.##...[#.# #.#
#.#.#.#####.#.# #.#


You could see a water moccasin (contam), an orc wizard and a gnoll.

Vanquished Creatures
  A steam dragon (D:5)
  Menkaure (D:4)
  3 ogres (D:4)
  A phantom (D:4)
  A scorpion (D:4)
  An orc priest (D:5)
  2 iguanas
  3 sleepcaps (D:3)
  Robin (D:4)
  4 adders
  4 gnolls (D:5)
  2 worms
  3 dart slugs
  9 orcs
  7 endoplasms
  4 giant cockroaches
  24 goblins
  5 hobgoblins
  3 jackals (D:1)
  7 kobolds
  5 quokkas
  8 ball pythons
  5 bats
  6 frilled lizards
  3 rats
113 creatures vanquished.

Notes
Turn   | Place    | Note
-------+----------+-------------------------------------------
     0 | D:1      | Flugslaktarn the Octopode Shapeshifter began the quest for
                  | the Orb.
     0 | D:1      | Reached XP level 1. HP: 13/13 MP: 1/1
   132 | D:1      | Reached XP level 2. HP: 17/18 MP: 2/2
   185 | D:1      | Found a faded altar of an unknown god.
   339 | D:1      | Prayed at the altar of an unknown god.
   339 | D:1      | Became a worshipper of Makhleb the Destroyer
   339 | D:1      | Reached * piety under Makhleb
   567 | D:1      | Reached XP level 3. HP: 18/23 MP: 3/3
  1146 | D:2      | Reached ** piety under Makhleb
  1306 | D:2      | Reached XP level 4. HP: 12/29 MP: 4/4
  1869 | D:3      | Reached skill level 4 in Shapeshifting
  2320 | D:3      | Reached XP level 5. HP: 18/34 MP: 5/5
  2591 | D:4      | Found a transporter.
  2651 | D:4      | Noticed Robin
  2680 | D:4      | Killed Robin
  2681 | D:4      | Reached XP level 6. HP: 23/41 MP: 6/6
  2785 | D:4      | Found Zin's Purification Station.
  2790 | D:4      | Found a glowing silver altar of Zin.
  2807 | D:4      | Found a transporter.
  2810 | D:4      | Noticed graki42's ghost (amateur DECj)
  2837 | D:4      | Noticed Menkaure
  2846 | D:4      | Killed Menkaure
  2847 | D:4      | Reached skill level 5 in Shapeshifting
  3100 | D:4      | Reached *** piety under Makhleb
  3346 | D:4      | Reached XP level 7. HP: 40/46 MP: 7/7
  3477 | D:4      | Reached skill level 6 in Shapeshifting
  3752 | D:4      | Reached skill level 5 in Unarmed Combat
  4121 | D:5      | Entered Level 5 of the Dungeon
  4134 | D:5      | Noticed a steam dragon
  4145 | D:5      | Killed a steam dragon
  4146 | D:5      | Reached XP level 8. HP: 18/54 MP: 8/8
  4343 | D:5      | Reached skill level 1 in Invocations
  4525 | D:5      | Slain by a water moccasin

Illustrated notes

Levels and vault maps discovered:
D:1:      dpeg_arrival_three_same_balls, layout_basic,
          dreamdust_ecumenical_altar_hidden_monk_grotto, minmay_tromino_v7
D:2:      layout_basic
D:3:      layout_loops_cross, hellmonk_no_cap
D:4:      layout_layer_cave, zin_purify, gammafunk_ghost_mausoleum,
          minmay_ogre_servants, uniq_menkaure, uniq_robin
D:5:      layout_basic, minmay_temple_entry_mini_moons

Skill      XL: |  1  2  3  4  5  6  7  8 |
---------------+-------------------------+-----
Fighting       | 2 3 4 |  4.4
Shapeshifting  | 4 5 6 |  6.5
Unarmed Combat | 4 5 |  5.3
Invocations    | 2 |  2.2
Dodging        | |  2.0

Action                     |  1- 3 |  4- 6 |  7- 9 || total
---------------------------+-------+-------+-------++-------
  Melee: Unarmed           |    77 |   102 |    56 ||   235
         Constrict         |    18 |    22 |    11 ||    51
         Tentacles         |     9 |    21 |    14 ||    44
         Punch             |     2 |     3 |     1 ||     6
  Evoke: Wand              |       |       |     5 ||     5
    Use: Potion            |       |     2 |       ||     2
         Scroll            |       |     8 |     3 ||    11
   Stab: Sleeping          |    15 |     2 |       ||    17
 Armour: Skin              |    23 |    44 |    37 ||   104
  Dodge: Dodged            |    44 |    68 |    26 ||   138
   Form: Flux              |       |       |     1 ||     1

Table legend: (Time is in decaauts)
 A = Elapsed time spent in this place.
 B = Non-inter-level travel time spent in this place.
 C = Inter-level travel time spent in this place.
 D = Time resting spent in this place.
 E = Time spent auto-exploring this place.
 F = Levels seen in this place.
 G = Mean time per level.
                   A        B        C        D        E       F      G
               +--------+--------+--------+--------+--------+-----+--------+
         Total |   4510 |   4289 |    221 |    579 |   3013 |   5 |  902.0 |
       Dungeon |   4510 |   4289 |    221 |    579 |   3013 |   5 |  902.0 |
               +--------+--------+--------+--------+--------+-----+--------+

Top non-repeatable levels by time:
     D:4: 1639 daAuts
     D:1: 928 daAuts
     D:3: 899 daAuts
     D:2: 861 daAuts
     D:5: 181 daAuts
